 Dungeon Crawl Stone Soup version 0.30-a0-168-g0b976cbdc4 (webtiles) character file.

Game seed: 2779598514270089515

1416 qw the Cleaver (level 8, -3/50 HPs)
             Began as a Gargoyle Fighter on Sept 29, 2022.
             Was a Follower of Okawaru.
             Slain by a wight
             ... wielding a +0 trident
              (6 damage)
             ... on level 6 of the Dungeon.
             The game lasted 00:02:09 (4806 turns).

qw the Cleaver (Gargoyle Fighter)                   Turns: 4806, Time: 00:02:10

Health: -3/50      AC: 17    Str: 19 (22) XL:     8   Next: 71%
Magic:  11/11      EV:  7    Int:  1 (4)  God:    Okawaru [*.....]
Gold:   162        SH:  0    Dex:  6 (9)  Spells: 7/7 levels left

rFire   . . .      SeeInvis +    Y - +0 broad axe
rCold   . . .      Faith    .    c - +0 buckler
rNeg    + . .      Spirit   .    a - +0 chain mail
rPois   inf        Reflect  +    m - +2 helmet
rElec   +          Harm     .    (no cloak)
rCorr   .          Rampage  .    (no gloves)
Will    .....                    (no boots)
Stlth   ..........               l - amulet "Xiutsuoz" {Reflect rElec Int-5 SH+5 SInv}
HPRegen 0.16/turn                (no ring)
MPRegen 0.12/turn                (no ring)

@: confused
A: sickness immunity, AC +5, negative energy resistance 1, electricity
resistance, torment resistance 1, petrification resistance
a: Renounce Religion, Heroism


You were on level 6 of the Dungeon.
You worshipped Okawaru.
Okawaru was aware of your devotion.
You visited 1 branch of the dungeon, and saw 6 of its levels.

You collected 395 gold pieces.
You spent 233 gold pieces at shops.


Innate Abilities, Weirdness & Mutations

You are immune to sickness and miasma.
Your stone body is resilient. (AC +5)
You are immune to poison.
You resist negative energy. (rN+)
You are resistant to electric shocks. (rElec)
You are resistant to unholy torment.
You are immune to petrification.


   Skills:
 + Level 5.6 Fighting
 - Level 8.0 Axes
 - Level 3.2 Armour
 - Level 1.0 Dodging
 - Level 3.2 Shields
 - Level 4.1 Invocations


You had 7 spell levels left.
You didn't know any spells.
Your spell library was empty.

Inventory:

Hand Weapons
 o - a +0 flail
 Y - a +0 broad axe (weapon)
Armour
 a - a +0 chain mail (worn)
 c - a +0 buckler (worn)
 m - a +2 helmet (worn)
Jewellery
 k - a ring of see invisible
 l - the amulet "Xiutsuoz" (around neck) {Reflect rElec Int-5 SH+5 SInv}
   (You found it on level 3 of the Dungeon)

   [amulet of reflection]

   It reflects blocked missile attacks.
   Int:       It affects your intelligence (-5).
   rElec:     It insulates you from electricity.
   SInv:      It lets you see invisible.
   SH:        It affects your SH (+5).
Scrolls
 j - 4 scrolls of identify
 q - a scroll of teleportation
Potions
 d - 3 potions of might
 e - a potion of resistance
 i - a potion of lignification
 n - a potion of magic

Dungeon Overview and Level Annotations

Branches:
Dungeon (6/15)             Temple (0/1) D:4

Altars:
Fedhas
Kikubaaqudgha
Makhleb
Okawaru
Uskayaw
Wu Jian
Xom
Yredelemnul

Shops:
D:3 *


Message History

You hear the sound of rushing water.
There is an entrance to a sewer on this level.
Hurry and find it before the portal rusts away!
You block the iguana's attack.
The orc wizard gestures at you while chanting.
You are confused.
The steam dragon breathes steam at you. The ball of steam hits you.
The iguana bites you. The wight barely misses you.
The orc wizard gestures at you while chanting.
The puff of flame hits you but does no damage.
The orc priest calls down the wrath of Beogh upon you.
Beogh smites you!
You hear an angry hiss.
There is a stone staircase leading up here.
4803 ||| STAIRDANCE You are engulfed in a cloud of scalding steam.
The iguana bites you!
The steam dragon bites you but does no damage.
The steam dragon barely misses you. The wight hits you but does no damage.
In your confused state, you trip and fall back down the stairs.
You are engulfed in a cloud of scalding steam.
The wight hits you from afar with a +0 trident.
The wight hits you but does no damage.
The iguana is engulfed in a cloud of scalding steam.
The iguana bites you but does no damage.
The steam dragon breathes steam at you.
The ball of steam hits you but does no damage.
The wight closely misses you.
You bump into the rock wall.
You are engulfed in a cloud of scalding steam.
The iguana bites you but does no damage.
The wight hits you but does no damage. The wight barely misses you.
The steam dragon bites you but does no damage.
The steam dragon completely misses you. The wight hits you but does no damage.
You closely miss the wight. You hit the iguana but do no damage.
You barely miss the water moccasin. You closely miss the steam dragon.
You are engulfed in a cloud of scalding steam.
The water moccasin bites you but does no damage. x2
The iguana bites you!
The wight hits you from afar with a +0 trident.
You die...

...........
.......... .
.......... ..
.#.....<. ...
......... ....
........# .....
#......l#zo...#
#ยค@Dz.....
#..Sz.z....
......o......
~..............
...........###.
..##........ ^
#.........
#..........


You could see a steam dragon (catching breath), a water moccasin, an iguana, 4
wights, an orc priest and an orc wizard.

Vanquished Creatures
  Grinder (D:3)
  2 water moccasins (D:5)
  A black bear (D:5)
  A phantom (D:4)
  2 scorpions (D:5)
  A howler monkey (D:5)
  2 orc priests
  A hound (D:5)
  3 jellies (D:5)
  Ijyb (D:3)
  2 iguanas (D:5)
  8 orc wizards
  Robin (D:3)
  7 adders
  6 river rats (D:5)
  An ufetubus (D:5)
  A worm (D:3)
  19 orcs
  4 ball pythons
  3 endoplasms
  3 giant cockroaches (D:1)
  8 goblins
  9 hobgoblins
  5 jackals
  9 quokkas
  4 bats (D:1)
  5 frilled lizards
  5 kobolds
  21 rats
136 creatures vanquished.

Notes
Turn   | Place    | Note
-------+----------+-------------------------------------------
     0 | D:1      | qw the Gargoyle Fighter began the quest for the Orb.
     0 | D:1      | Reached XP level 1. HP: 14/14 MP: 1/1
     0 | D:1      | 0 ||| qw: Version: 0.2-a-12-gaebbb33
     0 | D:1      | 0 ||| qw: Game counter: 1084
     0 | D:1      | 0 ||| qw: Always use a shield: true
     0 | D:1      | 0 ||| qw: God list: Okawaru
     0 | D:1      | 0 ||| qw: Allow faded altars: false
     0 | D:1      | 0 ||| qw: Do Orc after D:15 true
     0 | D:1      | 0 ||| qw: Do second Lair branch before Depths: true
     0 | D:1      | 0 ||| qw: Lair rune preference: random
     0 | D:1      | 0 ||| qw: Plans: Normal, Zot:1-4, God:TSO, Crypt, Tomb,
                  | Pan, Slime:5, Hells, Abyss, Orb
     0 | D:1      | 0 ||| PLANNING D:1-11
   116 | D:1      | 116 ||| Stepping ~*~*~tactically~*~*~ (stealth).
   117 | D:1      | 117 ||| Stepping ~*~*~tactically~*~*~ (stealth).
   159 | D:1      | Reached skill level 2 in Axes
   221 | D:1      | 221 ||| Stepping ~*~*~tactically~*~*~ (stealth).
   224 | D:1      | 224 ||| Stepping ~*~*~tactically~*~*~ (stealth).
   233 | D:1      | Reached XP level 2. HP: 15/19 MP: 2/2
   363 | D:1      | 363 ||| Stepping ~*~*~tactically~*~*~ (stealth).
   441 | D:1      | 441 ||| Stepping ~*~*~tactically~*~*~ (stealth).
   448 | D:1      | 448 ||| Stepping ~*~*~tactically~*~*~ (stealth).
   588 | D:1      | Reached skill level 3 in Axes
   696 | D:1      | Reached XP level 3. HP: 22/23 MP: 3/3
   977 | D:1      | 977 ||| READING scroll labelled SOTOMPE OPNY.
   978 | D:1      | 978 ||| READING scroll labelled WIPAER IMOIWKE.
   979 | D:1      | 979 ||| READING scroll labelled AZYVAU VIZOXIT.
  1653 | D:2      | 1653 ||| READING scroll labelled DUN TUIDATH.
  1654 | D:2      | 1654 ||| DRINKING 2 metallic amethyst potions.
  1720 | D:3      | Noticed Grinder
  1721 | D:3      | 1721 ||| Stepping ~*~*~tactically~*~*~ (hiding).
  1728 | D:3      | 1728 ||| Stepping ~*~*~tactically~*~*~ (hiding).
  1730 | D:3      | 1730 ||| Stepping ~*~*~tactically~*~*~ (hiding).
  1735 | D:3      | 1735 ||| Stepping ~*~*~tactically~*~*~ (hiding).
  1737 | D:3      | 1737 ||| Stepping ~*~*~tactically~*~*~ (hiding).
  1745 | D:3      | Killed Grinder
  1746 | D:3      | Reached skill level 5 in Axes
  1746 | D:3      | Reached XP level 4. HP: 24/28 MP: 4/4
  1746 | D:3      | Reached XP level 5. HP: 27/32 MP: 5/5
  1746 | D:3      | Reached XP level 6. HP: 32/37 MP: 6/6
  1789 | D:3      | 1789 ||| Stepping ~*~*~tactically~*~*~ (hiding).
  1914 | D:3      | 1914 ||| Stepping ~*~*~tactically~*~*~ (stealth).
  1917 | D:3      | 1917 ||| Stepping ~*~*~tactically~*~*~ (stealth).
  1923 | D:3      | 1923 ||| Stepping ~*~*~tactically~*~*~ (stealth).
  1924 | D:3      | 1924 ||| Stepping ~*~*~tactically~*~*~ (stealth).
  1925 | D:3      | 1925 ||| Stepping ~*~*~tactically~*~*~ (stealth).
  1926 | D:3      | 1926 ||| Stepping ~*~*~tactically~*~*~ (stealth).
  1930 | D:3      | 1930 ||| Stepping ~*~*~tactically~*~*~ (stealth).
  1994 | D:3      | 1994 ||| FLEEEEING.
  2114 | D:3      | Noticed Ijyb
  2115 | D:3      | 2115 ||| Stepping ~*~*~tactically~*~*~ (hiding).
  2117 | D:3      | 2117 ||| Stepping ~*~*~tactically~*~*~ (stealth).
  2118 | D:3      | 2118 ||| Stepping ~*~*~tactically~*~*~ (hiding).
  2126 | D:3      | HP: 9/38 [Ijyb/+5 dagger of holy wrath (5)]
  2131 | D:3      | Killed Ijyb
  2142 | D:3      | 2142 ||| FLEEEEING.
  2153 | D:3      | 2153 ||| FLEEEEING.
  2154 | D:3      | 2154 ||| FLEEEEING.
  2155 | D:3      | 2155 ||| FLEEEEING.
  2156 | D:3      | 2156 ||| FLEEEEING.
  2164 | D:3      | 2164 ||| FLEEEEING.
  2165 | D:3      | 2165 ||| FLEEEEING.
  2166 | D:3      | 2166 ||| FLEEEEING.
  2167 | D:3      | 2167 ||| FLEEEEING.
  2168 | D:3      | 2168 ||| FLEEEEING.
  2169 | D:3      | 2169 ||| FLEEEEING.
  2170 | D:3      | 2170 ||| FLEEEEING.
  2171 | D:3      | 2171 ||| FLEEEEING.
  2172 | D:3      | 2172 ||| FLEEEEING.
  2176 | D:3      | 2176 ||| FLEEEEING.
  2177 | D:3      | 2177 ||| FLEEEEING.
  2178 | D:3      | 2178 ||| FLEEEEING.
  2179 | D:3      | 2179 ||| STAIRDANCE
  2366 | D:2      | 2366 ||| READING 3 scrolls labelled VET XUYCEIROJU.
  2367 | D:2      | 2367 ||| READING 2 scrolls of enchant weapon.
  2367 | D:2      | 2367 ||| ENCHANTING +1 war axe.
  2368 | D:2      | 2368 ||| READING scroll of enchant weapon.
  2368 | D:2      | 2368 ||| ENCHANTING +2 war axe.
  2390 | D:3      | Found Duzo Ulu's General Store.
  2405 | D:3      | 2405 ||| BUYING potion of lignification (39 gold).
  2405 | D:3      | Bought a potion of lignification for 39 gold pieces
  2405 | D:3      | 2405 ||| BUYING scroll of enchant armour (97 gold).
  2405 | D:3      | Bought a scroll of enchant armour for 97 gold pieces
  2405 | D:3      | 2405 ||| BUYING scroll of enchant armour (97 gold).
  2405 | D:3      | Bought a scroll of enchant armour for 97 gold pieces
  2405 | D:3      | 2405 ||| SHOPLISTING scroll of identify (26 gold, have 5).
  2445 | D:3      | Identified the amulet "Xiutsuoz" {Reflect rElec Int-5 SH+5
                  | SInv}
  2487 | D:3      | Noticed Robin
  2488 | D:3      | 2488 ||| Stepping ~*~*~tactically~*~*~ (hiding).
  2496 | D:3      | Killed Robin
  2506 | D:3      | Reached skill level 1 in Dodging
  2657 | D:3      | Found an ornate altar of the Wu Jian Council.
  2688 | D:3      | Found a shimmering altar of Xom.
  2696 | D:3      | 2696 ||| UPGRADING to +0 helmet.
  2701 | D:3      | 2701 ||| READING 2 scrolls of enchant armour.
  2701 | D:3      | 2701 ||| ENCHANTING +0 helmet.
  2702 | D:3      | 2702 ||| READING scroll of enchant armour.
  2702 | D:3      | 2702 ||| ENCHANTING +1 helmet.
  2703 | D:3      | 2703 ||| UPGRADING to amulet "Xiutsuoz" {Reflect rElec
                  | Int-5 SH+5 SInv}.
  2778 | D:4      | 2778 ||| Stepping ~*~*~tactically~*~*~ (hiding).
  2791 | D:4      | 2791 ||| DRINKING potion of curing.
  2791 | D:4      | 2791 ||| (to cure confusion)
  2829 | D:4      | Found an iron altar of Okawaru.
  2830 | D:4      | 2830 ||| PLANNING OKAWARU WORSHIP
  2837 | D:4      | 2837 ||| FLEEEEING.
  2838 | D:4      | 2838 ||| FLEEEEING.
  2839 | D:4      | 2839 ||| FLEEEEING.
  2840 | D:4      | 2840 ||| FLEEEEING.
  2841 | D:4      | 2841 ||| FLEEEEING.
  2842 | D:4      | 2842 ||| FLEEEEING.
  2843 | D:4      | 2843 ||| FLEEEEING.
  2845 | D:4      | 2845 ||| FLEEEEING.
  2846 | D:4      | 2846 ||| FLEEEEING.
  2850 | D:4      | 2850 ||| FLEEEEING.
  2851 | D:4      | 2851 ||| STAIRDANCE
  2859 | D:4      | 2859 ||| STAIRDANCE
  2877 | D:4      | Became a worshipper of Warmaster Okawaru
  2878 | D:4      | 2878 ||| PLANNING D:1-11
  2886 | D:4      | 2886 ||| Stepping ~*~*~tactically~*~*~ (stealth).
  2888 | D:4      | 2888 ||| Stepping ~*~*~tactically~*~*~ (hiding).
  2901 | D:4      | Reached skill level 6 in Axes
  2959 | D:4      | 2959 ||| Stepping ~*~*~tactically~*~*~ (stealth).
  2970 | D:4      | Reached XP level 7. HP: 29/43 MP: 7/7
  3072 | D:4      | Found a staircase to the Ecumenical Temple.
  3439 | D:4      | 3439 ||| READING scroll labelled WYRAH ZOCAXANU.
  3440 | D:4      | 3440 ||| READING scroll labelled PEIMOIWESI.
  3453 | D:5      | Entered Level 5 of the Dungeon
  3478 | D:5      | Reached * piety under Okawaru
  3485 | D:5      | Found a burning altar of Makhleb.
  3506 | D:5      | Reached skill level 7 in Axes
  3506 | D:5      | Reached skill level 1 in Invocations
  3542 | D:5      | 3542 ||| Stepping ~*~*~tactically~*~*~ (hiding).
  3569 | D:5      | 3569 ||| DROPPING +0 whip.
  3662 | D:5      | 3662 ||| SWAPPING to +0 broad axe.
  3721 | D:5      | 3721 ||| DROPPING +3 war axe.
  3736 | D:5      | 3736 ||| INVOKING Heroism.
  3854 | D:5      | Found an ancient bone altar of Kikubaaqudgha.
  3857 | D:5      | 3857 ||| INVOKING Heroism.
  3863 | D:5      | Reached skill level 3 in Invocations
  3863 | D:5      | Reached XP level 8. HP: 44/48 MP: 6/10
  3870 | D:5      | 3870 ||| Stepping ~*~*~tactically~*~*~ (stealth).
  3871 | D:5      | 3871 ||| Stepping ~*~*~tactically~*~*~ (stealth).
  3886 | D:5      | 3886 ||| Stepping ~*~*~tactically~*~*~ (stealth).
  3887 | D:5      | 3887 ||| Stepping ~*~*~tactically~*~*~ (stealth).
  3890 | D:5      | 3890 ||| Stepping ~*~*~tactically~*~*~ (stealth).
  3891 | D:5      | 3891 ||| Stepping ~*~*~tactically~*~*~ (stealth).
  3951 | D:5      | Found a basalt altar of Yredelemnul.
  4026 | D:5      | Found a blossoming altar of Fedhas.
  4052 | D:5      | Found a hide-covered altar of Uskayaw.
  4069 | D:5      | 4069 ||| INVOKING Heroism.
  4096 | D:5      | 4096 ||| INVOKING Heroism.
  4343 | D:5      | 4343 ||| INVOKING Heroism.
  4357 | D:5      | 4357 ||| INVOKING Heroism.
  4369 | D:5      | 4369 ||| INVOKING Heroism.
  4381 | D:5      | 4381 ||| INVOKING Heroism.
  4456 | D:5      | 4456 ||| Stepping ~*~*~tactically~*~*~ (stealth).
  4478 | D:5      | 4478 ||| Stepping ~*~*~tactically~*~*~ (stealth).
  4629 | D:5      | 4629 ||| DROPPING +2 hat.
  4630 | D:5      | 4630 ||| READING scroll labelled FUSEOT ERELAWN.
  4631 | D:5      | 4631 ||| DRINKING 2 brown potions.
  4632 | D:5      | 4632 ||| DRINKING 2 emerald potions.
  4633 | D:5      | 4633 ||| READING 6 scrolls of identify.
  4633 | D:5      | 4633 ||| IDENTIFYING inky potion
  4634 | D:5      | 4634 ||| READING 5 scrolls of identify.
  4634 | D:5      | 4634 ||| IDENTIFYING pink potion
  4635 | D:5      | 4635 ||| DROPPING potion of flight.
  4636 | D:5      | 4636 ||| DROPPING potion of degeneration.
  4650 | D:6      | 4650 ||| PLANNING SEWER
  4650 | D:6      | 4650 ||| STAIRDANCE
  4652 | D:5      | 4652 ||| INVOKING Heroism.
  4655 | D:5      | Reached skill level 8 in Axes
  4763 | D:6      | 4763 ||| STAIRDANCE
  4765 | D:5      | 4765 ||| INVOKING Heroism.
  4788 | D:5      | 4788 ||| UPGRADING to +0 chain mail.
  4798 | D:5      | 4798 ||| DROPPING +0 scale mail.
  4799 | D:5      | 4799 ||| DROPPING +1 leather armour of fire resistance.
  4803 | D:6      | 4803 ||| STAIRDANCE
  4806 | D:6      | HP: 3/50 [iguana (11)]
  4806 | D:6      | Slain by a wight

Levels and vault maps discovered:
D:1:      ebering_trefoil_3fold, layout_basic
D:2:      layout_loops_ring, lemuel_flame_loot_1
D:3:      layout_rooms, mainiacjoe_overflow_two_lobes, serial_shops,
          nicolae_shop_waterfront, uniq_robin, uniq_ijyb, uniq_grinder
D:4:      layout_rooms, okawaru_ov_weapons_minmay, temple_hall,
          kennysheep_decorative_pillar
D:5:      lemuel_ratsnest, layout_basic, lemuel_round_altar,
          overflow_temple_1_default, kennysheep_mini_moat,
          mainiacjoe_overflow_catwalk_spiral, item_on_display_a
D:6:      layout_cave_pools, evilmike_ruin_ashenzari, grunt_qazlal_sundering,
          portal_sewer_entry_f

Skill      XL: |  1  2  3  4  5  6  7  8 |
---------------+-------------------------+-----
Axes           | 2 3 5 6 7 8 |  8.0
Fighting       | 4 5 |  5.6
Dodging        | 1 |  1.0
Invocations    | 3 4 |  4.1
Armour         | |  3.2
Shields        | |  3.2

Action                   |  1- 3 |  4- 6 |  7- 9 || total
-------------------------+-------+-------+-------++-------
Melee: War axe           |   101 |   130 |    52 ||   283
       Broad axe         |       |       |   150 ||   150
Throw: Boomerang         |       |       |     4 ||     4
Invok: Heroism           |       |       |    10 ||    10
  Use: Scroll            |     4 |     5 |     5 ||    14
       Potion            |     1 |     1 |     2 ||     4
Armor: Scale mail        |    55 |    68 |   102 ||   225
       Chain mail        |       |       |    15 ||    15
Dodge: Dodged            |    63 |    34 |    75 ||   172
Block: Buckler           |    17 |    29 |    81 ||   127
       Reflection        |       |     1 |     1 ||     2

Table legend:
 A = Non-vault XP
 B = Vault XP
 C = Vault XP percentage of total XP
 D = Non-vault monster count
 E = Vault monster count
 F = Vault count percentage of total count
                 A         B        C        D         E       F
            +---------+---------+-------+---------+---------+-------
      Total |    1477 |     546 |  27.0 |      90 |      46 |  33.8
            +---------+---------+-------+---------+---------+-------
        D:1 |      40 |       0 |   0.0 |      25 |       0 |   0.0
        D:2 |      31 |       0 |   0.0 |       5 |       0 |   0.0
        D:3 |      78 |     328 |  80.8 |      15 |      13 |  46.4
        D:4 |     315 |       0 |   0.0 |      23 |       0 |   0.0
        D:5 |    1013 |     218 |  17.7 |      22 |      33 |  60.0
            +---------+---------+-------+---------+---------+-------
